 Dungeon Crawl Stone Soup version 0.31-a0-1074-g0b22e4e0f1 (webtiles) character file.

Game seed: 9753833037134561586

1617 wildpjah the Cutter (level 8, 0/51 HPs)
             Began as a Tengu Berserker on Nov 27, 2023.
             Was an Elder of Trog.
             Slain by a lemure (2 damage)
             ... led by Pikel
             ... on level 6 of the Dungeon.
             The game lasted 00:10:59 (5243 turns).

wildpjah the Cutter (Tengu Berserker)               Turns: 5243, Time: 00:11:00

Health: 0/51       AC:  8    Str: 24    XL:     8   Next: 96%
Magic:  9/9        EV: 17    Int:  7    God:    Trog [****..]
Gold:   299        SH:  0    Dex: 16    Spells: 7/7 levels left

rFire   . . .        e - +0 short sword (freeze)
rCold   . . .        (no shield)
rNeg    . . .        n - +1 ring mail {rPois}
rPois   +            (helmet restricted)
rElec   .            B - +0 cloak
rCorr   .            (no gloves)
SInv    +            (boots unavailable)
Will    .....        (no amulet)
Stlth   ++           E - +6 ring of strength
HPRegen 0.28/turn    o - ring of see invisible
MPRegen 0.11/turn

%: acrobat
@: flying, hasted, very quick
A: beak, talons 3, evasive flight, acrobatic
a: Renounce Religion, Berserk, Trog's Hand, Brothers in Arms


You were on level 6 of the Dungeon.
You worshipped Trog.
Trog was greatly pleased with you.
You visited 2 branches of the dungeon, and saw 7 of its levels.
You also visited: Sewer.

You collected 299 gold pieces.

Inventory:

Hand Weapons
 a - a +0 falchion
 e - a +0 short sword of freezing (weapon)
 f - a +2 short sword of venom
 I - a +3 short sword
Missiles
 u - 34 poisoned darts
 x - a curare-tipped dart
Armour
 b - a +0 animal skin
 n - a +1 ring mail of poison resistance (worn)
 B - a +0 cloak (worn)
Jewellery
 o - a ring of see invisible (right hand)
 E - a +6 ring of strength (left hand)
Wands
 t - a wand of flame (11)
 y - a wand of digging (2)
Scrolls
 d - 3 scrolls of blinking {unknown}
 h - 2 scrolls of fear {unknown}
 i - 6 scrolls of identify
 j - a scroll of silence {unknown}
 k - a scroll of noise {unknown}
 r - a scroll of fog {unknown}
 s - 6 scrolls of teleportation {unknown}
 A - a scroll of enchant armour {unknown}
 C - a scroll of poison {unknown}
 D - a scroll of immolation {unknown}
 F - 2 scrolls of enchant weapon {unknown}
 G - a scroll of revelation
Potions
 c - a potion of heal wounds {unknown}
 g - 3 potions of curing
 l - 3 potions of might
 m - a potion of degeneration {unknown}
 p - 2 potions of brilliance {unknown}
 q - a potion of attraction {unknown}
 v - a potion of resistance {unknown}
 w - 3 potions of cancellation {unknown}
 z - 2 potions of haste
 H - a potion of mutation {unknown}


   Skills:
 + Level 5.7 Fighting
 + Level 6.9(7.4) Short Blades
 + Level 4.1(6.1) Long Blades
 + Level 6.0 Armour
 + Level 4.6 Dodging
 + Level 2.8 Stealth


You had 7 spell levels left.
You didn't know any spells.
Your spell library was empty.

Dungeon Overview and Level Annotations

Branches:
Dungeon (6/15)             Temple (1/1) D:4           Sewer (visited)

Altars:
Ashenzari
Cheibriados
Dithmenos
Elyvilon
Makhleb
Nemelex Xobeh
Okawaru
Qazlal
Ru
Sif Muna
Uskayaw
Vehumet
Wu Jian
Xom
Yredelemnul
The Shining One

Shops:
D:2 *

Annotations:
D:6 Pikel


Innate Abilities, Weirdness & Mutations

You have a beak for a mouth.
You have claws for feet.
Your magical flight helps you evade attacks. (EV +4)
You can magically evade attacks while moving or waiting.


Message History

Pikel misses you.
You hit Pikel. Your kick misses Pikel. Your punch misses Pikel.
Pikel is moderately wounded.
Your +2 short sword of venom stops dripping with poison.
Your +0 short sword of freezing glows with a cold blue light!
e - a +0 short sword of freezing (weapon)
Pikel misses you.
You closely miss Pikel. You claw Pikel. You peck Pikel.
Your punch misses Pikel.
Pikel is moderately wounded.
Pikel hits you with a +1 whip of flaming.
Pikel burns you.
You closely miss Pikel. Your kick misses Pikel. You peck Pikel.
Pikel is heavily wounded.
You closely miss Pikel. You claw Pikel. You peck Pikel.
Pikel is heavily wounded.
Pikel zaps a wand.
Your mind is blasted!
* * * LOW HITPOINT WARNING * * *
The ufetubus hits you but does no damage. x2
You miss Pikel. Your kick misses Pikel.
Pikel is heavily wounded.
The lemure barely misses you.
Pikel hits you with a +1 whip of flaming.
* * * LOW HITPOINT WARNING * * *
Pikel burns you.
* * * LOW HITPOINT WARNING * * *
The ufetubus completely misses you. The ufetubus barely misses you.
It was a potion of haste.
You feel yourself speed up. The ufetubus hits you.
* * * LOW HITPOINT WARNING * * *
The ufetubus hits you.
* * * LOW HITPOINT WARNING * * *
The lemure closely misses you.
Pikel zaps a wand.
You struggle to resist.
You barely miss Pikel. You claw Pikel!
Pikel is almost dead.
The ufetubus slips past you! The ufetubus closely misses you.
The ufetubus completely misses you.
You closely miss Pikel. Your kick misses Pikel.
Pikel is almost dead.
The lemure hits you.
You die...

.... ...................
....###......##..........
.....#...................
#.......#................
#....)..................
#........................
...........).....#.......
........))....###........
.......5@5....# ##...##..
.......5.K...#####......#
.......55......#...##...#
...................###..#
............##.....##...
.....#.............##...
...###.##..........##...
... ... #.#.............
.. ..........##....


You could see Pikel (very poisoned), 4 lemures and an ufetubus.

Vanquished Creatures
  Edmund (D:6)
  An ogre (D:5)
  A black bear (D:6)
  A centaur (D:6)
  4 kobold brigands (Sewer)
  A phantom (D:6)
  2 scorpions
  3 wights
  2 jellies
  An orc priest (D:6)
  Crazy Yiuf (D:3)
  A sleepcap (D:4)
  Ijyb (D:3)
  Terence (D:3)
  4 iguanas
  2 orc wizards (D:3)
  11 adders
  3 river rats (Sewer)
  A white imp (D:6)
  8 worms
  2 dart slugs
  23 orcs
  12 ball pythons
  7 endoplasms
  7 giant cockroaches
  3 goblins
  14 hobgoblins
  2 jackals (D:4)
  2 quokkas
  6 bats
  A frilled lizard (D:2)
  14 kobolds
  8 rats
151 creatures vanquished.

Notes
Turn   | Place    | Note
-------+----------+-------------------------------------------
     0 | D:1      | wildpjah the Tengu Berserker began the quest for the Orb.
     0 | D:1      | Reached XP level 1. HP: 14/14 MP: 2/2
   216 | D:1      | Reached XP level 2. HP: 19/19 MP: 3/3
   467 | D:1      | Found a faded altar of an unknown god.
   878 | D:2      | Reached XP level 3. HP: 23/23 MP: 4/4
   958 | D:2      | Found Tyog's Assorted Antiques.
  1413 | D:3      | Reached ** piety under Trog
  1505 | D:3      | Noticed Terence
  1515 | D:3      | Killed Terence
  1516 | D:3      | Reached skill level 1 in Short Blades
  1516 | D:3      | Reached XP level 4. HP: 19/29 MP: 5/5
  1617 | D:3      | Reached skill level 1 in Stealth
  1625 | D:3      | Reached XP level 5. HP: 22/33 MP: 6/6
  1829 | D:3      | Noticed Ijyb
  1837 | D:3      | Killed Ijyb
  2014 | D:3      | Found a runed translucent door.
  2015 | D:3      | Noticed Crazy Yiuf
  2022 | D:3      | Killed Crazy Yiuf
  2023 | D:3      | Reached XP level 6. HP: 38/38 MP: 7/7
  2026 | D:3      | Identified the +6 hammer of Kenech {heavy, +Blink rC+ rN+
                  | Int-4}
  2204 | D:4      | Found a glowing drain.
  2221 | Sewer    | Entered a sewer
  2292 | Sewer    | HP: 1/38 [poisoned by a kobold brigand]
  2530 | Sewer    | Reached *** piety under Trog
  2680 | Sewer    | Gained mutation: Your magical flight helps you evade
                  | attacks. (EV +4) [Tengu growth]
  2680 | Sewer    | Reached XP level 7. HP: 43/44 MP: 8/8
  3153 | D:4      | Found a staircase to the Ecumenical Temple.
  3164 | Temple   | Entered the Ecumenical Temple
  3504 | D:4      | Reached **** piety under Trog
  3640 | D:5      | Entered Level 5 of the Dungeon
  3944 | D:5      | Reached skill level 5 in Fighting
  3944 | D:5      | Reached XP level 8. HP: 49/49 MP: 9/9
  3974 | D:5      | Reached skill level 5 in Short Blades
  4207 | D:5      | Reached skill level 5 in Armour
  4875 | D:6      | Noticed Edmund
  4963 | D:6      | Killed Edmund
  5081 | D:6      | Noticed Pikel
  5241 | D:6      | HP: 2/51 [ufetubus (2)]
  5243 | D:6      | Slain by a lemure

Illustrated notes

Levels and vault maps discovered:
D:1:      minmay_arrival_nine_rooms, layout_basic,
          shapermc_ecumenical_altar_pompeii
D:2:      layout_loops_ring, serial_shops, shop
D:3:      layout_rooms, hangedman_glass_teeth, minmay_box_of_dots, uniq_ijyb,
          uniq_crazy_yiuf_cottage, uniq_terence
D:4:      minmay_angry_zag, layout_loops_ring, minmay_temple_entry_overgrown,
          gup_sewer_entry_bubbles, minmay_stone_trees_large,
          hangedman_decor_peaks_small, corexii_hall_statues_u
D:5:      layout_basic
D:6:      layout_cave_pools, uniq_pikel, uniq_edmund
Temple:   nicolae_temple_elliptical

Skill      XL: |  1  2  3  4  5  6  7  8 |
---------------+-------------------------+-----
Long Blades    | 4 |  4.1
Short Blades   | 1 2 3 4 6 |  6.9
Stealth        | 1 2 |  2.8
Fighting       | 4 5 |  5.7
Dodging        | 3 4 |  4.6
Armour         | 3 4 6 |  6.0

Action                     |  1- 3 |  4- 6 |  7- 9 || total
---------------------------+-------+-------+-------++-------
  Melee: Falchion          |    10 |       |       ||    10
         Short sword       |    59 |   168 |   235 ||   462
         Peck              |    14 |    24 |    44 ||    82
         Kick              |    12 |    57 |    89 ||   158
         Punch             |       |     3 |     2 ||     5
 Invoke: Berserk           |       |     2 |       ||     2
         Trog's Hand       |       |       |     1 ||     1
    Use: Potion            |       |     2 |     1 ||     3
         Scroll            |       |     2 |       ||     2
   Stab: Sleeping          |     3 |       |       ||     3
 Armour: Animal skin       |    12 |       |       ||    12
         Ring mail         |     6 |    65 |    63 ||   134
  Dodge: Dodged            |    42 |    94 |   150 ||   286

Table legend: (Time is in decaauts)
 A = Elapsed time spent in this place.
 B = Non-inter-level travel time spent in this place.
 C = Inter-level travel time spent in this place.
 D = Time resting spent in this place.
 E = Time spent auto-exploring this place.
 F = Levels seen in this place.
 G = Mean time per level.
                   A        B        C        D        E       F      G
               +--------+--------+--------+--------+--------+-----+--------+
         Total |   5233 |   4985 |    248 |      0 |   3910 |   8 |  654.1 |
       Dungeon |   4395 |   4147 |    248 |      0 |   3286 |   6 |  732.5 |
        Temple |      1 |      1 |      0 |      0 |      0 |   1 |    1.0 |
         Sewer |    836 |    836 |      0 |      0 |    624 |   1 |  836.0 |
               +--------+--------+--------+--------+--------+-----+--------+

Top non-repeatable levels by time:
     D:5: 1127 daAuts
   Sewer: 836 daAuts
     D:4: 772 daAuts
     D:3: 731 daAuts
     D:1: 730 daAuts
     D:2: 599 daAuts
     D:6: 433 daAuts
  Temple: 1 daAuts
